AoeStats
← Dog

Arabia

510442978Analyzed
1v1 RM · 13h ago on Oct 1, 2026· 60m 13s· 2 players
Game mode
Random Map
Map size
Tiny (2 player)
Population
200
Speed
Normal
Resources
Standard
Victory
Conquest
Starting age
Dark Age
Ending age
Imperial Age
RankedLock teamsTeams togetherTeam positionsShared explorationLock speedFull tech treeHidden civsTurbo modeCheats
Victory
Defeat
🇨🇦 Japanese · Canada
1113
+14
🇺🇸 Persians · United States
1066
-14
Woozle
6:17 Loom
10:03 Feudal Age
10:43 Double-Bit Axe
10:59 Man-at-Arms
12:22 Arson
16:02 Horse Collar
18:00 Gold Mining
21:05 Fletching
21:16 Padded Archer Armor
23:44 Castle Age
23:24 Stone Mining
24:43 Elite Skirmisher
25:39 Bodkin Arrow
27:16 Long Swordsman
28:44 Bow Saw
35:02 Wheelbarrow
37:20 Leather Archer Armor
46:38 Heavy Plow
50:12 Forging
50:03 Scale Mail Armor
51:26 Hand Cart
50:56 Town Watch
51:56 Light Cavalry
52:47 Bloodlines
52:42 Husbandry
53:29 Thumb Ring
53:49 Scale Barding Armor
54:20 Iron Casting
54:02 Chain Mail Armor
56:38 Chain Barding Armor
59:09 Imperial Age
56:59 Pikeman
57:40 Squires
59:23 Gold Shaft Mining
Dog
6:20 Loom
8:42 Feudal Age
23:38 Castle Age
22:28 Fletching
22:40 Padded Archer Armor
23:46 Crossbowman
25:56 Bodkin Arrow
27:29 Double-Bit Axe
54:35 Wheelbarrow
Connection lost

Rejoining the realm…

Still unreachable

The connection could not be restored.

Session expired

The server has moved on; the page needs a fresh start.